 Dungeon Crawl Stone Soup version 0.22-a0-533-g4d20840e7c (webtiles) character file.

23764 Infinimo the Severer (level 12, -1/103 HPs)
             Began as a Demonspawn Berserker on June 22, 2018.
             Was a High Priest of Trog.
             Killed from afar by an oklob plant (7 damage)
             ... with a splash of acid
             ... on level 2 of the Lair of Beasts.
             The game lasted 00:16:22 (12886 turns).

Infinimo the Severer (Demonspawn Berserker)        Turns: 12886, Time: 00:16:23

Health: -1/103     AC: 17    Str: 22    XL:     12   Next: 74%
Magic:  12/12      EV: 12    Int: 14    God:    Trog [*****.]
Gold:   690        SH:  0    Dex: 19    Spells: 11/11 levels left

rFire    . . .     SeeInvis .   H - +0 executioner's axe (chop)
rCold    + . .     Gourm    .   (shield currently unavailable)
rNeg     . . .     Faith    .   G - +10 plate armour of Wisdom {rElec Int+6}
rPois    .         Spirit   .   s - +2 hat
rElec    +         Reflect  .   n - scarf {cloud immunity}
rCorr    .         Harm     .   p - +1 pair of gloves
MR       .....                  (no boots)
Stlth    ..........             (no amulet)
HPRegen  0.27/turn              l - ring of protection from cold (curse)
MPRegen  0.13/turn              (no ring)

@: agile, corroded, sanguine armour
A: hooves 1, powered by pain 2, spiny 1, sanguine armour 2
a: Berserk, Trog's Hand, Brothers in Arms, Renounce Religion


You were on level 2 of the Lair of Beasts.
You worshipped Trog.
Trog was extremely pleased with you.
You were hungry.

You visited 2 branches of the dungeon, and saw 14 of its levels.

You collected 833 gold pieces.
You spent 143 gold pieces at shops.

Inventory:

Hand Weapons
 H - a +0 executioner's axe of chopping (weapon)
Armour
 n - a scarf of cloud immunity (worn)
 p - a +1 pair of gloves (worn)
 s - a +2 hat (worn)
 G - the +10 plate armour of Wisdom (worn) {rElec Int+6}
   (You found it on level 10 of the Dungeon)

   It affects your intelligence (+6).
   It insulates you from electricity.
Jewellery
 l - a cursed ring of protection from cold (left hand)
 I - an uncursed amulet of magic regeneration {unknown}
Wands
 E - a wand of iceblast (7)
Scrolls
 b - 7 scrolls of enchant weapon
 g - a scroll of magic mapping
 h - 10 scrolls of teleportation
 j - 2 scrolls of amnesia
 o - 5 scrolls of remove curse
 q - a scroll of fog
 u - a scroll of silence
 y - 3 scrolls of identify
 B - a scroll of fear
 C - a scroll of enchant armour
Potions
 a - 2 potions of brilliance
 d - 2 potions of agility
 e - 3 potions of heal wounds
 f - 3 potions of lignification
 i - 3 potions of berserk rage
 k - a potion of cancellation {unknown}
 m - 2 potions of might
 r - 2 potions of mutation
 t - 5 potions of invisibility
 v - a potion of resistance {unknown}
 w - 3 potions of flight
 x - 5 potions of curing
 z - 2 potions of degeneration
 A - a potion of haste
 D - a potion of ambrosia {unknown}
 F - 2 potions of magic
Comestibles
 c - 26 rations


   Skills:
 + Level 12.6 Fighting
 * Level 15.6 Axes
 - Level 1.7 Armour
 - Level 1.7 Dodging


You had 11 spell levels left.
You didn't know any spells.
Your spell library was empty.

Dungeon Overview and Level Annotations

Branches:
Dungeon (12/15)            Temple (0/1) D:6            Lair (2/6) D:11
    Orc (0/2) D:12
  Swamp: Lair:2-4    Shoals: Lair:2-4     Snake: Lair:2-4    Spider: Lair:2-4

Altars:
Cheibriados
Fedhas
Gozag
Hepliaklqana
Makhleb
Okawaru
Trog
Xom

Shops:
D:5 *   D:12 ![*

Annotations:
Lair:2 exclusion: 2 oklob plants


Innate Abilities, Weirdness & Mutations

You have large cloven feet.
You sometimes gain power by taking damage.
You are partially covered in sharp spines.
When seriously injured, your bleeding wounds create thick armour. (AC +9)


Message History

You kick the oklob plant. You kick the oklob plant.
The oklob plant spits acid at you. The splash of acid hits you!
The acid corrodes you!
You are splashed with acid!
The acid burns!
You kick the oklob plant, but do no damage.
The oklob plant spits acid at you. The splash of acid hits you!
The acid corrodes you!
You are splashed with acid!
The acid burns!
* * * LOW HITPOINT WARNING * * *
You focus on the pain.
You feel agile all of a sudden. The oklob plant spits acid at you.
The splash of acid hits you!
* * * LOW HITPOINT WARNING * * *
You are splashed with acid!
The acid burns!
* * * LOW HITPOINT WARNING * * *
The oklob plant spits acid at you. The splash of acid hits you!
You die...

##### #(P.# #$$=#
### #$P!# ##.#
####@PP##
####P.###.#.....# ##
#..............##
.####.........P...##
...#..........###.#
##..+.........# ##
#.##.........#
####.P.+###.##
###..# ###


You could see 2 oklob plants.

Vanquished Creatures
  4 two-headed ogres
  Nergalle (D:11)
  3 skeletal warriors (D:12)
  The ghost of Banto the Covert, a novice OpEE (D:7)
  2 unseen horrors
  An ugly thing (D:12)
  2 manticores (D:11)
  3 spiny frogs (Lair:1)
  A gargoyle (D:10)
  4 trolls
  2 hornets (D:9)
  Prince Ribbit (D:6)
  5 blink frogs (Lair:1)
  3 hippogriffs
  A shadow (D:11)
  Sigmund (D:4)
  Eustachio (D:5)
  A vampire (D:9)
  A water elemental (D:11)
  A wraith (D:12)
  2 wyverns
  A basilisk (D:12)
  Grum (D:10)
  23 yaks
  A steam dragon (D:11)
  A hungry ghost (D:9)
  2 soldier ants (D:9)
  2 porcupines (Lair:1)
  2 water moccasins (Lair:1)
  2 orc warriors
  An ice beast (D:11)
  2 black bears
  3 phantoms
  6 ogres
  2 centaurs
  7 wolves
  A big kobold (D:8)
  2 crocodiles (Lair:1)
  10 bullfrogs
  8 scorpions
  14 killer bees
  A howler monkey (D:4)
  17 wights
  2 electric eels (D:11)
  A bullfrog zombie (D:9)
  3 crimson imps
  A quasit (D:7)
  2 jellies
  9 orc priests
  3 bullfrog skeletons
  2 centaur skeletons
  9 hounds
  10 orc wizards
  Terence (D:2)
  2 iguanas
  12 worker ants
  A hound zombie (D:11)
  2 hound skeletons (D:8)
  A mummy (D:7)
  2 howler monkey zombies
  2 worker ant zombies
  3 gnolls (D:5)
  12 adders
  4 shadow imps
  An adder zombie (D:7)
  4 adder skeletons
  3 worms
  3 dart slugs
  4 leopard geckos
  55 orcs
  6 giant cockroaches
  6 goblins
  7 hobgoblins
  21 jackals
  4 quokkas
  7 bats
  2 frilled lizards
  10 kobolds
  A leopard gecko skeleton (D:5)
  4 rats
  A plant (Lair:2)
373 creatures vanquished.

Notes
Turn   | Place    | Note
-------+----------+-------------------------------------------
     0 | D:1      | Infinimo the Demonspawn Berserker began the quest for the Orb.
     0 | D:1      | Reached XP level 1. HP: 18/18 MP: 1/1
   376 | D:1      | Reached skill level 3 in Axes
   454 | D:1      | Gained mutation: You sometimes gain a little power by taking damage. [demonic ancestry]
   454 | D:1      | Reached XP level 2. HP: 24/24 MP: 2/2
  1097 | D:2      | Gained mutation: You have large cloven feet. [demonic ancestry]
  1097 | D:2      | Reached XP level 3. HP: 11/29 MP: 3/3
  1501 | D:2      | Noticed Terence
  1508 | D:2      | Killed Terence
  1508 | D:2      | Reached skill level 4 in Axes
  1508 | D:2      | Gained mutation: You sometimes gain power by taking damage. [demonic ancestry]
  1508 | D:2      | Reached XP level 4. HP: 21/37 MP: 4/4
  1787 | D:2      | Reached ** piety under Trog
  1864 | D:2      | Gained mutation: When seriously injured, your bleeding wounds create armour. (AC +9) [demonic ancestry]
  1864 | D:2      | Reached XP level 5. HP: 32/42 MP: 5/5
  2770 | D:3      | Reached skill level 5 in Axes
  3384 | D:4      | Reached XP level 6. HP: 49/49 MP: 6/6
  3433 | D:4      | Noticed Sigmund
  3456 | D:4      | Killed Sigmund
  3456 | D:4      | Reached skill level 5 in Fighting
  3456 | D:4      | Reached skill level 6 in Axes
  3505 | D:4      | Reached *** piety under Trog
  3510 | D:4      | Got an ancient leather armour
  3525 | D:4      | Identified the cursed +1 leather armour "Qeraxte" {Regen+} (You found it on level 4 of the Dungeon)
  3638 | D:4      | Reached XP level 7. HP: 39/56 MP: 7/7
  4176 | D:5      | Entered Level 5 of the Dungeon
  4183 | D:5      | Found Bupulest's Assorted Antiques.
  4252 | D:5      | Bought a scroll labeled NOPTOA WICUIN for 31 gold pieces
  4252 | D:5      | Bought a smoky orange potion for 27 gold pieces
  4252 | D:5      | Bought a scroll labeled AXOUGO COVO for 31 gold pieces
  4252 | D:5      | Bought a bubbling silvery potion for 27 gold pieces
  4252 | D:5      | Bought a smoky orange potion for 27 gold pieces
  4510 | D:5      | Noticed Eustachio
  4524 | D:5      | Reached skill level 7 in Axes
  4620 | D:5      | Reached **** piety under Trog
  4623 | D:5      | Gained mutation: When seriously injured, your bleeding wounds create thick armour. (AC +9) [demonic ancestry]
  4623 | D:5      | Reached XP level 8. HP: 64/64 MP: 8/8
  4680 | D:5      | Killed Eustachio
  4782 | D:6      | Noticed Prince Ribbit
  4797 | D:6      | Killed Prince Ribbit
  4797 | D:6      | Reached skill level 8 in Axes
  5018 | D:6      | Found a staircase to the Ecumenical Temple.
  5074 | D:6      | Reached skill level 9 in Axes
  5255 | D:6      | Reached XP level 9. HP: 63/72 MP: 9/9
  5464 | D:6      | Reached ***** piety under Trog
  5716 | D:7      | Found a shimmering altar of Xom.
  5777 | D:7      | Found a transporter.
  5827 | D:7      | Found a transporter.
  5827 | D:7      | Noticed Banto's ghost (novice OpEE)
  5907 | D:7      | Found a shimmering altar of Xom.
  6251 | D:7      | Killed Banto's ghost
  6251 | D:7      | Reached skill level 10 in Axes
  6339 | D:8      | Noticed a two-headed ogre
  6349 | D:8      | Killed a two-headed ogre
  6699 | D:8      | Reached skill level 11 in Axes
  6820 | D:8      | Reached XP level 10. HP: 82/82 MP: 10/10
  7184 | D:9      | Received a gift from Trog
  7249 | D:9      | Found a snail-covered altar of Cheibriados.
  7602 | D:9      | Found a hazy altar of Hepliaklqana.
  7602 | D:9      | Found an opulent altar of Gozag.
  7603 | D:9      | Found a bloodstained altar of Trog.
  7678 | D:9      | Found a burning altar of Makhleb.
  7678 | D:9      | Found a blossoming altar of Fedhas.
  7772 | D:9      | Found an iron altar of Okawaru.
  7835 | D:9      | Reached skill level 12 in Axes
  7989 | D:10     | Entered Level 10 of the Dungeon
  8099 | D:10     | Reached skill level 10 in Fighting
  8105 | D:10     | Noticed a gargoyle
  8109 | D:10     | Killed a gargoyle
  8133 | D:10     | Noticed Grum
  8148 | D:10     | Killed Grum
  8198 | D:10     | Got an ichor-stained plate armour
  8210 | D:10     | Identified the +10 plate armour of Wisdom {rElec Int+6} (You found it on level 10 of the Dungeon)
  8370 | D:10     | Gained mutation: You are partially covered in sharp spines. [demonic ancestry]
  8370 | D:10     | Reached XP level 11. HP: 78/91 MP: 11/11
  8902 | D:11     | Noticed a two-headed ogre
  8906 | D:11     | Killed a two-headed ogre
  8906 | D:11     | Reached skill level 13 in Axes
  9031 | D:11     | Killed an unseen horror
  9643 | D:11     | Received a gift from Trog
  9736 | D:11     | Found a staircase to the Lair.
  9812 | D:11     | Noticed Nergalle
  9825 | D:11     | Killed Nergalle
 10436 | D:12     | Noticed a two-headed ogre
 10444 | D:12     | Killed a two-headed ogre
 10444 | D:12     | Reached skill level 14 in Axes
 10461 | D:12     | Killed an unseen horror
 10741 | D:12     | Found Ypeuff's Armour Shop.
 10785 | D:12     | Reached XP level 12. HP: 100/100 MP: 12/12
 11343 | D:12     | Noticed a two-headed ogre
 11349 | D:12     | Killed a two-headed ogre
 11395 | D:12     | Found a staircase to the Orcish Mines.
 11482 | D:12     | Found Evi Afrum's Assorted Antiques.
 11530 | D:12     | Received a gift from Trog
 11530 | D:12     | Reached skill level 15 in Axes
 11642 | D:12     | Found Aclebic's Distillery.
 11831 | Lair:1   | Entered Level 1 of the Lair of Beasts
 12886 | Lair:2   | Killed from afar by an oklob plant

Vault maps used:
D:1:      minmay_arrival_loop, serial_bayou_ford_a
D:2:      first_ration, minmay_ruptured, uniq_terence
D:4:      uniq_sigmund
D:5:      serial_shops, shop, uniq_eustachio
D:6:      minmay_temple_entry_statues_fountains, uniq_prince_ribbit1
D:7:      marbit_many_paths, gammafunk_ghost_mausoleum, basic_altar
D:9:      kennysheep_mini, slow_altar_2, gammafunk_temple_overflow_claw,
          gammafunk_temple_overflow_elements, hangedman_pestilent_swarm
D:10:     uniq_grum
D:11:     erik_lair_island, uniq_nergalle
D:12:     orc_0_dummy, serial_shops, nicolae_shop_behind_doors, shop,
          kennysheep_mini_moat
Lair:2:   minmay_shoals_entry_hut, minmay_lair_oklob_chamber

Skill      XL: |  1  2  3  4  5  6  7  8  9 10 11 12 |
---------------+-------------------------------------+-----
Axes           | 3 4 5 6 7 9 11 12 14 15 | 15.6
Fighting       | 4 5 6 7 8 10 11 12 | 12.6
Armour         | |  1.7
Dodging        | |  1.7

Action                   |  1- 3 |  4- 6 |  7- 9 | 10-12 || total
-------------------------+-------+-------+-------+-------++-------
Melee: Hand axe          |    41 |   147 |   375 |    41 ||   604
       Kick              |     3 |    41 |   117 |   126 ||   287
       Battleaxe         |       |       |       |   216 ||   216
       Executioner's axe |       |       |       |   176 ||   176
Invok: Berserk           |     2 |     4 |     7 |     5 ||    18
  Use: Scroll            |     6 |     4 |     9 |     8 ||    27
  Eat: Ration            |     1 |       |       |       ||     1
       Chunk             |       |    11 |    15 |    28 ||    54
Armor: Ring mail         |     3 |    43 |       |       ||    46
       Animal skin       |     1 |       |       |       ||     1
       Leather armour    |       |     6 |    99 |    49 ||   154
       Plate armour      |       |       |       |   279 ||   279
Dodge: Dodged            |    19 |    96 |   206 |   186 ||   507

Table legend:
 A = Spawn XP
 B = Non-spawn XP
 C = Spawn XP percentage of total XP
 D = Spawn monster count
 E = Non-spawn monster count
 F = Spawn count percentage of total count
 G = Total turns spent on level
                    A         B        C        D         E        F      G
               +---------+---------+-------+---------+---------+-------+---------
         Total |       0 |   33949 |   0.0 |       0 |     372 |   0.0 | 12886
               +---------+---------+-------+---------+---------+-------+---------
           D:1 |       0 |      25 |   0.0 |       0 |      11 |   0.0 |  1082
           D:2 |       0 |     235 |   0.0 |       0 |      30 |   0.0 |  1591
           D:3 |       0 |     102 |   0.0 |       0 |      20 |   0.0 |   704
           D:4 |       0 |     642 |   0.0 |       0 |      20 |   0.0 |   799
           D:5 |       0 |     682 |   0.0 |       0 |      36 |   0.0 |   606
           D:6 |       0 |    1239 |   0.0 |       0 |      32 |   0.0 |   734
           D:7 |       0 |    1138 |   0.0 |       0 |      11 |   0.0 |   818
           D:8 |       0 |    1921 |   0.0 |       0 |      24 |   0.0 |   793
           D:9 |       0 |    3087 |   0.0 |       0 |      31 |   0.0 |   862
          D:10 |       0 |    2587 |   0.0 |       0 |      36 |   0.0 |   871
          D:11 |       0 |    6998 |   0.0 |       0 |      48 |   0.0 |  1577
          D:12 |       0 |    8879 |   0.0 |       0 |      43 |   0.0 |  1394
        Lair:1 |       0 |    5726 |   0.0 |       0 |      26 |   0.0 |   890
        Lair:2 |       0 |     688 |   0.0 |       0 |       4 |   0.0 |   165
               +---------+---------+-------+---------+---------+-------+---------
